 Dungeon Crawl Stone Soup version 0.23-a0-305-g7ffd15e (webtiles) character file.

35141 galech the Carver (level 13, 0/103 HPs)
             Began as a Demonspawn Fighter on Oct 9, 2018.
             Was the Champion of Okawaru.
             Slain by a vampire knight
             ... wielding a +0 dire flail
              (33 damage)
             ... on level 14 of the Dungeon.
             The game lasted 00:26:26 (16315 turns).

galech the Carver (Demonspawn Fighter)             Turns: 16315, Time: 00:26:27

Health: 0/103      AC: 33    Str: 17    XL:     13   Next: 46%
Magic:  0/14       EV:  8    Int: 10    God:    Okawaru [******]
Gold:   1063       SH: 15    Dex: 27    Spells: 12/12 levels left

rFire    + + .     SeeInvis .   S - +9 broad axe "Dibukk" {chop, Dex+7}
rCold    + + .     Gourm    .   c - +0 shield
rNeg     . . .     Faith    +   M - +6 gold dragon scales
rPois    +         Spirit   +   q - +0 helmet
rElec    .         Reflect  .   a - +1 cloak
rCorr    .         Harm     .   (no gloves)
MR       .....                  (no boots)
Stlth    ..........             n - amulet of faith
HPRegen  0.27/turn              O - +3 ring of dexterity
MPRegen  0.14/turn              A - ring of protection from fire

@: heroism
A: claws 1, iridescent scales 2, cold resistance 1, magic shield, freezing cloud
immunity
a: Heroism, Finesse, Renounce Religion


You were on level 14 of the Dungeon.
You worshipped Okawaru.
Okawaru was exalted by your worship.
You were not hungry.

You visited 3 branches of the dungeon, and saw 17 of its levels.

You collected 1713 gold pieces.
You spent 650 gold pieces at shops.

Inventory:

Hand Weapons
 D - the +7 long sword "Ruakkiwn" {drain, +Blink rF- rN+ Str+2}
   (You took it off an orc wizard on level 6 of the Dungeon)

   A truly terrible weapon, it drains the life of those it strikes.
   It affects your strength (+2).
   It makes you vulnerable to fire.
   It protects you from negative energy.
   It lets you blink.
 E - a +2 war axe
 N - a +1 double sword of electrocution
 S - the +9 broad axe "Dibukk" (weapon) {chop, Dex+7}
   (Okawaru gifted it to you on level 12 of the Dungeon)

   It inflicts extra damage upon your enemies.
   It affects your dexterity (+7).
Armour
 a - a +1 cloak (worn)
 c - a +0 shield (worn)
 q - a +0 helmet (worn)
 M - +6 gold dragon scales (worn)
Jewellery
 l - an uncursed ring of protection from cold
 n - an amulet of faith (around neck)
 A - a ring of protection from fire (right claw)
 O - a +3 ring of dexterity (left claw)
 Q - an uncursed ring of protection from cold
 U - a cursed amulet of inaccuracy {unknown}
Wands
 b - a wand of acid (7)
 s - a wand of iceblast (19)
 B - a wand of random effects (38)
 H - a wand of digging (7)
 J - a wand of flame (1)
 K - a wand of paralysis (17)
Scrolls
 e - 11 scrolls of remove curse
 h - 3 scrolls of amnesia
 k - 5 scrolls of enchant weapon
 o - a scroll of random uselessness
 p - 2 scrolls of magic mapping
 w - a scroll of fog
 y - a scroll of blinking
 z - 4 scrolls of immolation
 C - 4 scrolls of fear
 F - 5 scrolls of teleportation
 L - 2 scrolls of noise
 P - a scroll of acquirement {unknown}
Potions
 d - 4 potions of might
 g - 2 potions of haste {unknown}
 i - 2 potions of brilliance {unknown}
 j - 8 potions of curing
 m - 3 potions of flight {unknown}
 t - 3 potions of invisibility {unknown}
 u - 3 potions of lignification {unknown}
 v - 4 potions of degeneration {unknown}
 G - a potion of agility
 I - a potion of cancellation {unknown}
 R - 2 potions of mutation
 T - a potion of berserk rage {unknown}
Miscellaneous
 V - a sack of spiders
Comestibles
 f - 21 rations


   Skills:
 + Level 9.9(14.9) Fighting
 + Level 11.6(16.6) Long Blades
 + Level 8.4(13.4) Axes
 + Level 8.5(13.5) Armour
 + Level 3.8(8.8) Dodging
 + Level 1.8(6.8) Stealth
 + Level 10.5(15.5) Shields
 + Level 2.5 Invocations


You had 12 spell levels left.
You didn't know any spells.
Your spell library contained the following spells:

 Spells                   Type           Power        Failure   Level  Hunger
 Flame Tongue             Conj/Fire      #....        100%        1    ##.....
 Freeze                   Ice            #...         100%        1    ##.....
 Throw Flame              Conj/Fire      #.....       100%        2    ###....
 Throw Frost              Conj/Ice       #.....       100%        2    ###....
 Conjure Flame            Conj/Fire      #.......     100%        3    ####...
 Inner Flame              Hex/Fire       #.......     100%        3    ####...
 Ozocubu's Armour         Chrm/Ice       #.......     100%        3    ####...
 Sticky Flame             Conj/Fire      #.......     100%        4    #####..
 Summon Ice Beast         Ice/Summ       #.......     100%        4    #####..
 Throw Icicle             Conj/Ice       #.......     100%        4    #####..
 Fireball                 Conj/Fire      #.........   100%        5    ######.


Dungeon Overview and Level Annotations

Branches:
Dungeon (14/15)            Temple (1/1) D:4            Lair (0/6) D:9
    Orc (2/2) D:11            Elf (0/3) Orc:2        Vaults (0/5) D:13

Altars:
Ashenzari
Cheibriados
Dithmenos
Elyvilon
Fedhas
Gozag
Makhleb
Okawaru
Trog
Uskayaw
Vehumet
Wu Jian
Xom
Yredelemnul
The Shining One

Shops:
D:6 %   Orc:2 ((?!


Innate Abilities, Weirdness & Mutations

You have sharp fingernails.
You are mostly covered in iridescent scales. (AC +4)
Your flesh is cold resistant. (rC+)
When hurt, damage is shared between your health and your magic reserves.
You are immune to freezing clouds.


Message History

Something hits you!! Something bites you but does no damage.
You slash something! You slash the centaur warrior skeleton!
You destroy the centaur warrior skeleton!
Okawaru accepts your kill.
You hear some strange, mumbled words.
You suddenly lose the ability to move!
Something hits you!!
* * * LOW HITPOINT WARNING * * *
Something bites you but does no damage.
You hear some strange, mumbled words.
You can move again.
You gain the combat prowess of a mighty hero.
Something hits you!
* * * LOW HITPOINT WARNING * * *
Something bites you but does no damage.
You feel much better. Something hits you. Something bites you.
Something draws strength from your injuries!
You hear a distant blaring wail to the northwest.
Something hits you!!
You die...

#..##..###..##..#
#..##..#..##.#.#
.##...##.#..
..##.##.##.#
#..###..##.# .#
##..#..}##.#######.#
.##................#
..#.#####..#{.......
. #.##@.......
#.##........
#.##........
#.##.......#
#.########.# #.# #


There were no monsters in sight!

Vanquished Creatures
  An orc warlord (Orc:1)
  The ghost of Soeti the Covert, a journeyman OpTm of Cheibriados (Orc:2)
  A centaur warrior (D:13)
  3 dancing weapons
  A two-headed ogre (D:9)
  2 tengu warriors (D:13)
  Nergalle (Orc:1)
  4 orc high priests
  The ghost of galech the Shield-Bearer, a novice DsFi of Okawaru (D:9)
  Pikel (D:3)
  4 orc knights
  6 orc sorcerers
  An ugly thing (D:12)
  A cyclops (D:12)
  A centaur zombie (D:13)
  Maurice (D:8)
  A gargoyle (D:11)
  Joseph (D:7)
  A komodo dragon (D:10)
  3 trolls
  5 hippogriffs
  5 slime creatures (D:12)
  3 hogs (D:9)
  3 wyverns
  A human (D:9)
  A steam dragon (D:11)
  28 yaks
  Eustachio (D:6)
  3 hungry ghosts
  Grum (D:8)
  A vampire mosquito (D:14)
  A warg (Orc:1)
  Duvessa (D:6)
  2 water moccasins (D:8)
  18 orc warriors
  A slave (D:4)
  2 black bears
  3 sky beasts
  4 phantoms
  3 ice beasts
  3 wolves (D:8)
  11 ogres
  2 centaurs (D:9)
  3 elf zombies (D:8)
  Blork the orc (D:5)
  4 big kobolds
  7 bullfrogs
  A water moccasin zombie (D:6)
  Dowan (D:6)
  A troll zombie (D:8)
  A wyvern skeleton (D:12)
  4 scorpions
  3 killer bees (D:11)
  3 wights (D:8)
  A howler monkey (D:8)
  2 bullfrog zombies
  7 crimson imps
  A jelly (D:10)
  A quasit (D:13)
  4 hounds
  9 orc priests
  6 centaur skeletons
  A gnoll shaman (D:6)
  5 human zombies (D:8)
  A bullfrog skeleton (D:13)
  4 iguanas
  33 orc wizards
  8 worker ants
  An ogre zombie (D:8)
  3 hound skeletons
  2 mummies (D:8)
  Robin (D:2)
  12 adders
  8 gnolls
  3 shadow imps
  3 adder zombies
  2 dart slugs
  3 leopard geckos
  49 orcs
  4 giant cockroaches
  19 goblins
  10 hobgoblins
  18 jackals
  23 kobolds
  4 quokkas
  9 bats
  10 frilled lizards
  8 rats
443 creatures vanquished.

Vanquished Creatures (others)
  An orc priest (Orc:2)
  4 toadstools (D:1)
5 creatures vanquished.

Grand Total: 448 creatures vanquished

Notes
Turn   | Place    | Note
-------+----------+-------------------------------------------
     0 | D:1      | galech the Demonspawn Fighter began the quest for the Orb.
     0 | D:1      | Reached XP level 1. HP: 18/18 MP: 1/1
   280 | D:1      | Gained mutation: You are partially covered in iridescent
                  | scales. (AC +2) [demonic ancestry]
   280 | D:1      | Reached XP level 2. HP: 16/24 MP: 2/2
   780 | D:2      | Gained mutation: When hurt, damage is shared between your
                  | health and your magic reserves. [demonic ancestry]
   780 | D:2      | Reached XP level 3. HP: 29/29 MP: 3/3
   989 | D:2      | Noticed Robin
  1041 | D:2      | Killed Robin
  1053 | D:2      | Reached XP level 4. HP: 27/35 MP: 4/4
  1123 | D:2      | Found a glowing golden altar of the Shining One.
  2332 | D:4      | Gained mutation: You have sharp fingernails. [demonic
                  | ancestry]
  2332 | D:4      | Reached XP level 5. HP: 19/41 MP: 2/5
  2484 | D:4      | Found a shadowy altar of Dithmenos.
  2705 | D:4      | Found a staircase to the Ecumenical Temple.
  2717 | Temple   | Entered the Ecumenical Temple
  2737 | Temple   | Became a worshipper of Warmaster Okawaru
  2791 | D:4      | Noticed a sky beast
  2807 | D:4      | Killed a sky beast
  2807 | D:4      | Reached skill level 1 in Dodging
  2807 | D:4      | Reached XP level 6. HP: 28/48 MP: 2/6
  3244 | D:5      | Entered Level 5 of the Dungeon
  3244 | D:5      | Noticed Pikel
  3244 | D:5      | Noticed a slave
  3244 | D:5      | Noticed a slave
  3244 | D:5      | Noticed a slave
  3244 | D:5      | Noticed a slave
  3261 | D:4      | Killed a slave
  3424 | D:3      | Killed Pikel
  3424 | D:3      | Reached * piety under Okawaru
  3424 | D:3      | Reached skill level 5 in Axes
  3424 | D:3      | Reached skill level 1 in Stealth
  3424 | D:3      | Reached XP level 7. HP: 6/55 MP: 0/7
  3995 | D:5      | Reached XP level 8. HP: 51/61 MP: 6/8
  4455 | D:6      | Noticed Duvessa
  4455 | D:6      | Noticed Dowan
  4490 | D:6      | Found Jyihucro's Food Shop.
  4612 | D:6      | Noticed Blork the orc
  4660 | D:5      | Killed Blork the orc
  4759 | D:6      | Got a crystal long sword {drain}
  4760 | D:6      | Identified the +7 long sword "Ruakkiwn" {drain, +Blink rF-
                  | rN+ Str+2} (You took it off an orc wizard on level 6 of the
                  | Dungeon)
  4771 | D:6      | Reached ** piety under Okawaru
  4771 | D:6      | Reached skill level 5 in Fighting
  4987 | D:6      | Killed Duvessa
  4994 | D:6      | Killed Dowan
  5007 | D:6      | Reached skill level 1 in Long Blades
  5246 | D:6      | Noticed Eustachio
  5431 | D:6      | Killed Eustachio
  5533 | D:6      | Reached skill level 5 in Shields
  5582 | D:6      | Reached skill level 2 in Long Blades
  5582 | D:6      | Reached XP level 9. HP: 63/68 MP: 9/9
  6024 | D:7      | Noticed Joseph
  6034 | D:7      | Killed Joseph
  6034 | D:7      | Reached *** piety under Okawaru
  6034 | D:7      | Reached skill level 3 in Long Blades
  6158 | D:7      | Reached skill level 5 in Armour
  6242 | D:7      | Reached skill level 4 in Long Blades
  6547 | D:7      | Reached skill level 5 in Long Blades
  6598 | D:7      | Found a radiant altar of Vehumet.
  6600 | D:7      | Reached **** piety under Okawaru
  6601 | D:7      | Found a burning altar of Makhleb.
  6838 | D:8      | Noticed Grum
  6862 | D:8      | Killed Grum
  7102 | D:8      | Gained mutation: You are mostly covered in iridescent
                  | scales. (AC +4) [demonic ancestry]
  7102 | D:8      | Reached XP level 10. HP: 62/76 MP: 8/10
  7217 | D:8      | Reached skill level 6 in Long Blades
  7369 | D:8      | Noticed Maurice
  7405 | D:8      | Killed Maurice
  7405 | D:8      | Reached ***** piety under Okawaru
  7504 | D:8      | Found a blossoming altar of Fedhas.
  7663 | D:8      | Found a basalt altar of Yredelemnul.
  8070 | D:9      | Found a runed gate.
  8070 | D:9      | Found a runed gate.
  8070 | D:9      | Found a runed gate.
  8073 | D:9      | Noticed galech's ghost (novice DsFi)
  8115 | D:9      | Found a staircase to the Lair.
  8126 | D:9      | Reached skill level 7 in Long Blades
  8161 | D:8      | Received a gift from Okawaru
  8579 | D:9      | Found a white marble altar of Elyvilon.
  8680 | D:9      | Noticed a two-headed ogre
  8692 | D:9      | Killed a two-headed ogre
  8769 | D:9      | Noticed a moth of wrath
  8772 | D:9      | Found a bloodstained altar of Trog.
  9316 | D:9      | Gained mutation: Your flesh is cold resistant. (rC+)
                  | [demonic ancestry]
  9316 | D:9      | Reached XP level 11. HP: 69/84 MP: 11/11
  9465 | D:9      | Killed galech's ghost
  9465 | D:9      | Reached skill level 8 in Long Blades
  9484 | D:10     | Entered Level 10 of the Dungeon
 10298 | D:10     | Received a gift from Okawaru
 10530 | D:11     | Reached skill level 9 in Long Blades
 10762 | D:11     | Received a gift from Okawaru
 10792 | D:11     | Noticed a cyan ugly thing
 10944 | D:11     | Found a staircase to the Orcish Mines.
 11041 | D:11     | Reached ****** piety under Okawaru
 11049 | D:11     | Received a gift from Okawaru
 11063 | D:11     | Got a pair of encrusted boots {god gift}
 11069 | D:11     | Identified the -4 pair of boots of the Republic {rC+ rN+
                  | Dex-3} (Okawaru gifted it to you on level 11 of the
                  | Dungeon)
 11224 | Orc:1    | Entered Level 1 of the Orcish Mines
 11292 | Orc:1    | Reached skill level 10 in Long Blades
 11329 | Orc:1    | Noticed Nergalle
 11347 | Orc:1    | Killed Nergalle
 11347 | Orc:1    | Reached XP level 12. HP: 87/94 MP: 10/12
 11547 | Orc:1    | Noticed an orc high priest
 11561 | Orc:1    | Killed an orc high priest
 11978 | Orc:2    | Entered Level 2 of the Orcish Mines
 11978 | Orc:2    | Noticed an orc warlord
 12054 | Orc:1    | Killed an orc warlord
 12054 | Orc:1    | Reached skill level 1 in Invocations
 12355 | Orc:2    | Found a staircase to the Elven Halls.
 12497 | Orc:2    | Found a runed door.
 12501 | Orc:2    | Found a shimmering altar of Xom.
 12501 | Orc:2    | Noticed Soeti's ghost (journeyman OpTm)
 12540 | Orc:2    | Killed Soeti's ghost
 12548 | Orc:2    | Got an ancient leather armour
 12559 | Orc:2    | Identified the +2 leather armour of Grace {*Drain Str+7
                  | Int+3} (You found it on level 2 of the Orcish Mines)
 12674 | Orc:2    | Noticed an orc high priest
 13121 | Orc:2    | Killed an orc high priest
 13121 | Orc:2    | Received a gift from Okawaru
 13194 | Orc:2    | Reached skill level 11 in Long Blades
 13391 | Orc:2    | Noticed an orc high priest
 13411 | Orc:2    | Received a gift from Okawaru
 13420 | Orc:2    | HP: 1/95 [hellwing[an orc high priest] (5)]
 13424 | Orc:2    | Killed an orc high priest
 13743 | Orc:2    | Paralysed by an orc sorcerer for 6 turns
 13743 | Orc:2    | Noticed an orc high priest
 13751 | Orc:2    | Reached skill level 10 in Shields
 14429 | Orc:2    | Found Jaedub's Distillery.
 14429 | Orc:2    | Found Gaer's Magic Scroll Emporium.
 14434 | Orc:2    | Found Voribeok's Weapon Shop.
 14442 | Orc:2    | Killed an orc high priest
 14442 | Orc:2    | Gained mutation: You are immune to freezing clouds.
                  | [demonic ancestry]
 14442 | Orc:2    | Reached XP level 13. HP: 66/101 MP: 9/14
 14443 | Orc:2    | Found Yngidat's Antique Weapon Shop.
 14579 | Orc:2    | Bought a potion of curing for 45 gold pieces
 14579 | Orc:2    | Bought a potion of mutation for 120 gold pieces
 14579 | Orc:2    | Bought a potion of curing for 45 gold pieces
 14579 | Orc:2    | Bought a potion of heal wounds for 75 gold pieces
 14579 | Orc:2    | Bought a potion of curing for 45 gold pieces
 14579 | Orc:2    | Bought a potion of mutation for 120 gold pieces
 14591 | Orc:2    | Bought a scroll of enchant weapon for 120 gold pieces
 14591 | Orc:2    | Bought a scroll of identify for 32 gold pieces
 14591 | Orc:2    | Bought a scroll of teleportation for 48 gold pieces
 14960 | D:12     | Received a gift from Okawaru
 14963 | D:12     | Got a transparent broad axe {god gift}
 14964 | D:12     | Identified the +9 broad axe "Dibukk" {chop, Dex+7} (Okawaru
                  | gifted it to you on level 12 of the Dungeon)
 15067 | D:12     | Found a transporter.
 15214 | D:12     | Found a transporter.
 15419 | D:13     | Found a gate to the Vaults.
 15793 | D:13     | Received a gift from Okawaru
 15796 | D:13     | Got a bloodstained scale mail {god gift}
 15807 | D:13     | Identified the +1 scale mail "Poxyask" {Regen+} (Okawaru
                  | gifted it to you on level 13 of the Dungeon)
 16022 | D:14     | Noticed a vampire knight
 16033 | D:14     | Noticed an ettin
 16040 | D:14     | Noticed a storm dragon
 16041 | D:14     | Found the +8 frozen axe "Frostbite" {freezing cloud, *Noise
                  | +Fly rC+}
 16045 | D:14     | Noticed an ettin
 16311 | D:14     | Paralysed by something for 3 turns
 16315 | D:14     | Slain by a vampire knight

Vault maps used:
D:1:      ldierk_walled_garden_2
D:2:      tso_metal_star, uniq_robin
D:3:      kennysheep_generic_room_7
D:4:      grunt_dithmenos_smoke, minmay_temple_entry_glass
D:5:      first_ration, uniq_pikel
D:6:      serial_shops, shop_fountains, uniq_duvessa, uniq_blork_the_orc,
          uniq_eustachio
D:7:      grunt_temple_overflow_lords_of_destruction,
          nicolae_overflow_hidden_temple, uniq_joseph
D:8:      lemuel_mausoleum_altar_yredelemnul, kennysheep_mini_moat,
          uniq_maurice, uniq_grum
D:9:      elyvilon_altar_4, tgw_trog, lair_entry_dummy,
          ebering_ghost_rock_garden, grunt_livestock
D:11:     orc_0_dummy
D:12:     gammafunk_jiyva_shrine, feat_on_display
D:13:     erik_vaults_1
D:14:     minmay_tree_intersection, minmay_diamond_spiral
Temple:   eino_temple_water
Orc:1:    uniq_nergalle
Orc:2:    st_orc_elflike, ebering_ghost_xom

Skill      XL: |  1  2  3  4  5  6  7  8  9 10 11 12 13 |
---------------+----------------------------------------+-----
Axes           | 2 3 5 6 8 |  8.4
Armour         | 3 4 5 6 7 8 |  8.5
Shields        | 3 4 5 6 7 8 10 | 10.5
Dodging        | 1 2 3 |  3.8
Fighting       | 4 5 6 7 8 9 |  9.9
Stealth        | 1 |  1.8
Long Blades    | 2 5 7 10 11 | 11.6
Invocations    | 2 |  2.5

Action                   |  1- 3 |  4- 6 |  7- 9 | 10-12 | 13-15 || total
-------------------------+-------+-------+-------+-------+-------++-------
Melee: War axe           |   139 |   232 |   100 |       |       ||   471
       Long sword        |       |       |   219 |  1038 |    59 ||  1316
       Broad axe         |       |       |       |       |   141 ||   141
Invok: Heroism           |       |       |     1 |     8 |     3 ||    12
       Finesse           |       |       |       |     2 |     1 ||     3
  Use: Scroll            |       |     6 |       |    11 |     2 ||    19
       Potion            |       |       |       |     1 |     4 ||     5
 Stab: Sleeping          |       |       |       |     3 |       ||     3
  Eat: Chunk             |       |     8 |    13 |    28 |     6 ||    55
       Ration            |       |       |       |     3 |       ||     3
Armor: Scale mail        |    78 |   120 |       |       |       ||   198
       Ring mail         |       |    24 |   134 |    48 |       ||   206
       Gold dragon scale |       |       |       |   596 |   195 ||   791
Dodge: Dodged            |    47 |    84 |   120 |   145 |    30 ||   426
Block: Shield            |    77 |   132 |   171 |   579 |   160 ||  1119
       Rpst.: Long sword |       |       |    28 |    44 |     1 ||    73

Table legend:
 A = Non-vault XP
 B = Vault XP
 C = Vault XP percentage of total XP
 D = Non-vault monster count
 E = Vault monster count
 F = Vault count percentage of total count
                 A         B        C        D         E       F
            +---------+---------+-------+---------+---------+-------
      Total |   31337 |   18865 |  37.6 |     360 |      83 |  18.7
            +---------+---------+-------+---------+---------+-------
        D:1 |      34 |       0 |   0.0 |      20 |       0 |   0.0
        D:2 |      32 |      36 |  52.9 |      19 |      12 |  38.7
        D:3 |      71 |     680 |  90.5 |      26 |       4 |  13.3
        D:4 |     355 |       0 |   0.0 |      18 |       0 |   0.0
        D:5 |     277 |      96 |  25.7 |       8 |       1 |  11.1
        D:6 |    1064 |     430 |  28.8 |      26 |       3 |  10.3
        D:7 |    1124 |     473 |  29.6 |      25 |       2 |   7.4
        D:8 |    1858 |    1645 |  47.0 |      17 |      17 |  50.0
        D:9 |    2103 |    1806 |  46.2 |      29 |      11 |  27.5
       D:10 |    3735 |       0 |   0.0 |      21 |       0 |   0.0
       D:11 |    5059 |       0 |   0.0 |      45 |       0 |   0.0
       D:12 |    3778 |     814 |  17.7 |      30 |       3 |   9.1
       D:13 |    4284 |    1808 |  29.7 |      21 |       2 |   8.7
       D:14 |     662 |       0 |   0.0 |       4 |       0 |   0.0
      Orc:1 |    5627 |    2814 |  33.3 |      32 |       5 |  13.5
      Orc:2 |    1274 |    8263 |  86.6 |      19 |      23 |  54.8
            +---------+---------+-------+---------+---------+-------
